 Dungeon Crawl Stone Soup version 0.29-a0-323-g050149af67 (webtiles) character file.

Game seed: 9356464773301165823

1591 Jortsu the Ruffian (level 8, -6/68 (75) HPs)
             Began as a Troll Hunter on Apr 11, 2022.
             Mangled by a wight
             ... wielding a +4 halberd
              (12 damage)
             ... on level 6 of the Dungeon.
             The game lasted 00:09:58 (4113 turns).

Jortsu the Ruffian (Troll Hunter)                   Turns: 4113, Time: 00:09:58

HP:   -6/68 (75)    AC:  8    Str: 20    XL:     8   Next: 61%
MP:   0/7           EV: 12    Int:  5    God:
Gold: 452           SH:  0    Dex: 15    Spells: 7/7 levels left

rFire   . . .      SeeInvis .   l - +0 giant club
rCold   . . .      Faith    .   (shield currently unavailable)
rNeg    . . .      Spirit   +   b - +1 robe
rPois   +          Reflect  .   (helmet restricted)
rElec   .          Harm     .   q - +2 cloak {Will+}
rCorr   .          Rampage  .   (gloves unavailable)
Will    +....                   (boots unavailable)
Stlth   ++........              h - amulet of guardian spirit
HPRegen 1.01/turn               o - ring of poison resistance
MPRegen 0.10/turn               (no ring)

@: drained
A: large, unfitting armour, claws 3, regeneration 1, shaggy fur 1, tough skin 1
a: no special abilities


You were on level 6 of the Dungeon.
You visited 2 branches of the dungeon, and saw 7 of its levels.

You collected 452 gold pieces.

Inventory:

Hand Weapons
 a - a +2 hunting sling of chaos
 l - a +0 giant club (weapon)
Armour
 b - a +1 robe (worn)
 q - a +2 cloak of willpower (worn)
Jewellery
 h - an amulet of guardian spirit (around neck)
 o - a ring of poison resistance (left claw)
Scrolls
 c - a scroll of immolation
 e - 4 scrolls of blinking
 i - 2 scrolls of teleportation
 j - a scroll of amnesia
 r - a scroll of enchant armour
Potions
 d - a potion of mutation {unknown}
 f - 5 potions of curing
 g - a potion of flight {unknown}
 k - 2 potions of lignification {unknown}
 m - 2 potions of attraction {unknown}
 n - 2 potions of heal wounds {unknown}


   Skills:
 + Level 3.2 Fighting
 + Level 0.1 Maces & Flails
 + Level 3.2 Slings
 + Level 4.9 Dodging
 + Level 1.9 Stealth
 + Level 7.4 Unarmed Combat


You had 7 spell levels left.
You didn't know any spells.
Your spell library contained the following spells:

 Spells                   Type           Power      Damage    Failure   Level
 Beastly Appendage        Tmut           0%         N/A       47%         1
 Blink                    Tloc           0%         N/A       63%         2
 Wereblood                Tmut           0%         N/A       63%         2
 Spider Form              Tmut/Pois      0%         N/A       85%         3
 Passage of Golubria      Tloc           0%         N/A       99%         4
 Manifold Assault         Tloc           0%         N/A       100%        5
 Silence                  Hex/Air        0%         N/A       100%        5
 Storm Form               Tmut/Air       0%         N/A       100%        7
 Lehudib's Crystal Spear  Conj/Erth      0%         10d2      100%        8


Dungeon Overview and Level Annotations

Branches:
Dungeon (6/15)             Temple (1/1) D:6

Altars:
Ashenzari
Cheibriados
Dithmenos
Elyvilon
Fedhas
Gozag
Kikubaaqudgha
Makhleb
Nemelex Xobeh
Okawaru
Qazlal
Ru
Trog
Uskayaw
Vehumet
Wu Jian
Xom
Yredelemnul
Zin
The Shining One

Shops:
D:1 :*   D:5 (

Annotations:
D:4 2 transporters, void236's ghost, amateur FoFi


Innate Abilities, Weirdness & Mutations

You are too large for most types of armour.
You have claws for hands.
Your natural rate of healing is unusually fast.
You are covered in fur. (AC +1)
You have tough skin. (AC +1)


Message History

The adder barely misses you.
You hit the wight but do no damage. The adder bites you.
The wight closely misses you. The adder bites you. The wight barely misses you.
You bludgeon the wight!!
You destroy the wight!
The adder closely misses you. x2
The adder barely misses you.
Things that are here:
a +5 hand axe; a +0 robe You miss the adder.
The adder closely misses you. The adder bites you but does no damage.
A wight comes into view. It is wielding a +4 halberd.
The adder bites you but does no damage.
You barely miss the adder. The adder bites you but does no damage.
The adder closely misses you.
You sock the adder!
You kill the adder!
The wight hits you with a +4 halberd!!
You feel drained.
You sock the wight!
The wight is moderately damaged.
The wight closely misses you. The wight barely misses you.
You barely miss the wight.
The wight is moderately damaged.
The wight hits you with a +4 halberd!
You feel drained.
You hit the wight.
The wight is heavily damaged.
The wight closely misses you. The wight barely misses you.
You barely miss the wight.
The wight is heavily damaged.
You hear the hiss of a very distant avalanche of sand.
The wight hits you with a +4 halberd!
* * * LOW HITPOINT WARNING * * *
You hit the wight.
The wight is severely damaged.
The wight closely misses you. The wight hits you with a +4 halberd!
* * * LOW HITPOINT WARNING * * *
You barely miss the wight.
The wight is severely damaged.
The wight hits you with a +4 halberd!
You die...

+................
#.......######...
#..........# #...
#..........# ####
#####+##..........#
#.................#
#..........#......#
##..........#......#
........)@...#......#
#.........z..#######.#
+.....##.##...# ..#
#..... #.#####.# .#
#...?. #.# ..# ###.#
#.# .# #. #.. ##.


You could see a wight.

Vanquished Creatures
  Eustachio (D:5)
  Edmund (D:5)
  2 water moccasins (D:5)
  A centaur (D:5)
  An ogre (D:6)
  3 necrophages
  A gnoll sergeant (D:4)
  A wight (D:6)
  3 jellies
  An orc priest (D:4)
  5 hounds
  Crazy Yiuf (D:5)
  A gnoll shaman (D:4)
  3 iguanas (D:4)
  Terence (D:2)
  9 gnolls (D:4)
  5 adders
  2 white imps
  An ufetubus (D:5)
  3 worms
  2 dart slugs
  9 orcs
  9 endoplasms
  A giant cockroach (D:1)
  8 hobgoblins
  4 jackals (D:4)
  2 quokkas (D:2)
  2 training dummies (D:5)
  9 ball pythons
  6 bats
  2 frilled lizards
  6 goblins
  4 kobolds (D:1)
  7 rats
117 creatures vanquished.

Notes
Turn   | Place    | Note
-------+----------+-------------------------------------------
     0 | D:1      | Jortsu the Troll Hunter began the quest for the Orb.
     0 | D:1      | Reached XP level 1. HP: 19/19 MP: 0/0
    58 | D:1      | Found Oliajado's General Store.
   253 | D:1      | Reached XP level 2. HP: 25/27 MP: 1/1
   267 | D:1      | Found Bimasch's Book Shoppe.
   732 | D:2      | Reached XP level 3. HP: 16/35 MP: 2/2
   782 | D:2      | Found an opulent altar of Gozag.
   794 | D:2      | Noticed Terence
   807 | D:2      | Killed Terence
   808 | D:2      | Reached skill level 1 in Unarmed Combat
  1090 | D:2      | Reached XP level 4. HP: 40/42 MP: 3/3
  1468 | D:3      | Noticed a necrophage
  1480 | D:3      | Killed a necrophage
  1481 | D:3      | Reached skill level 2 in Unarmed Combat
  1481 | D:3      | Reached XP level 5. HP: 44/49 MP: 4/4
  2154 | D:4      | Reached skill level 3 in Unarmed Combat
  2260 | D:4      | Reached XP level 6. HP: 50/57 MP: 5/5
  2284 | D:4      | Reached skill level 4 in Unarmed Combat
  2291 | D:4      | Reached skill level 1 in Stealth
  2369 | D:4      | Found a transporter.
  2369 | D:4      | Noticed void236's ghost (amateur FoFi)
  2370 | D:4      | Found a transporter.
  2572 | D:4      | Found a broken altar of Ashenzari.
  2575 | D:4      | Found a stormy altar of Qazlal.
  2592 | D:4      | Reached skill level 5 in Unarmed Combat
  2614 | D:4      | Reached XP level 7. HP: 66/66 MP: 6/6
  2835 | D:5      | Entered Level 5 of the Dungeon
  2842 | D:5      | Noticed Eustachio
  2925 | D:5      | Killed Eustachio
  2993 | D:5      | Reached skill level 6 in Unarmed Combat
  3067 | D:5      | Found Lengew's Weapon Boutique.
  3081 | D:5      | Reached XP level 8. HP: 67/74 MP: 7/7
  3350 | D:5      | Found an iron altar of Okawaru.
  3466 | D:5      | Identified the +3 mace "Vixesaibb" {vorpal, Fly rElec rCorr
                  | Dex-2}
  3468 | D:5      | Found a runed translucent door.
  3469 | D:5      | Noticed Crazy Yiuf
  3477 | D:5      | Killed Crazy Yiuf
  3540 | D:5      | Found a burning altar of Makhleb.
  3583 | D:5      | Noticed Edmund
  3600 | D:5      | Killed Edmund
  3680 | D:5      | Reached skill level 7 in Unarmed Combat
  3794 | D:6      | Found a staircase to the Ecumenical Temple.
  3839 | Temple   | Entered the Ecumenical Temple
  4113 | D:6      | Mangled by a wight

Illustrated notes

Levels and vault maps discovered:
D:1:      minmay_arrival_semitransparent, layout_basic, serial_shops, shop,
          nicolae_shop_advertising_works [nicolae_subvault_shop_adworks],
          minmay_tiny_reverse_x
D:2:      layout_loops_ring, basic_altar, uniq_terence
D:3:      layout_loops_ring, kennysheep_generic_room_6
D:4:      layout_rooms, nicolae_overflow_squiral, gammafunk_ghost_mausoleum,
          corexii_leaking_fountain
D:5:      dreamdust_elfheim, layout_loops_cross, kennysheep_little_box,
          nicolae_overflow_crystal_walls, serial_shops, shop_coins,
          uniq_crazy_yiuf_cottage, uniq_eustachio, uniq_edmund
D:6:      nicolae_BIG_FREAKIN_CUBE, layout_basic, grunt_temple_overflow_open,
          minmay_temple_entry_hall, gup_ossuary_entry_pyramid
Temple:   regret_index_temple_sphere_string

Skill      XL: |  1  2  3  4  5  6  7  8 |
---------------+-------------------------+-----
Slings         | 3 |  3.2
Dodging        | 2 3 4 |  4.9
Unarmed Combat | 1 2 3 5 6 7 |  7.4
Fighting       | 2 3 |  3.2
Stealth        | 1 |  1.9
Maces & Flails | |  0.1

Action                   |  1- 3 |  4- 6 |  7- 9 || total
-------------------------+-------+-------+-------++-------
Melee: Unarmed           |   104 |   175 |   125 ||   404
       Punch             |       |     7 |     3 ||    10
       Giant club        |       |       |    24 ||    24
  Use: Scroll            |     2 |     7 |     2 ||    11
 Stab: Sleeping          |     1 |     4 |     3 ||     8
Armor: Robe              |    42 |    42 |    37 ||   121
Dodge: Dodged            |    61 |    77 |   111 ||   249

Table legend: (Time is in decaauts)
 A = Elapsed time spent in this place.
 B = Non-inter-level travel time spent in this place.
 C = Inter-level travel time spent in this place.
 D = Time resting spent in this place.
 E = Time spent auto-exploring this place.
 F = Levels seen in this place.
 G = Mean time per level.
                   A        B        C        D        E       F      G
               +--------+--------+--------+--------+--------+-----+--------+
         Total |   4099 |   3990 |    109 |    157 |   2431 |   7 |  585.6 |
       Dungeon |   3916 |   3807 |    109 |    157 |   2371 |   6 |  652.7 |
        Temple |    183 |    183 |      0 |      0 |     60 |   1 |  183.0 |
               +--------+--------+--------+--------+--------+-----+--------+

Top non-repeatable levels by time:
     D:5: 921 daAuts
     D:2: 756 daAuts
     D:1: 709 daAuts
     D:4: 692 daAuts
     D:3: 676 daAuts
  Temple: 183 daAuts
     D:6: 159 daAuts
